 Dungeon Crawl Stone Soup version 0.20.1-1-g8b1a95d66d (webtiles) character file.

170 Letaali the Poker (level 5, -7/41 HPs)
             Began as a Human Berserker on Dec 23, 2017.
             Was a Believer of Trog.
             Mangled by an iguana (9 damage)
             ... on level 4 of the Dungeon.
             The game lasted 00:51:14 (2998 turns).

Letaali the Poker (Human Berserker)                 Turns: 2998, Time: 00:51:15

Health: -7/41      AC:  5    Str: 19    XL:     5   Next: 80%
Magic:  5/5        EV: 12    Int:  7    God:    Trog [**....]
Gold:   142        SH:  0    Dex: 12    Spells: 4/4 levels left

rFire    . . .     SeeInvis +   E - +0 war axe
rCold    . . .     Gourm    .   (no shield)
rNeg     . . .     Faith    .   y - +0 ring mail
rPois    .         Spirit   .   (no helmet)
rElec    .         Reflect  .   x - scarf {repulsion}
rCorr    +         Harm     .   (no gloves)
MR       .....                  (no boots)
Stlth    +.........             (no amulet)
Regen    0.2/turn               n - ring of see invisible
MPRegen  0.1/turn               C - ring of resist corrosion

@: berserk cooldown, slowed, repel missiles, very slow
A: no striking features
a: Berserk, Trog's Hand, Burn Spellbooks, Renounce Religion


You were on level 4 of the Dungeon.
You worshipped Trog.
Trog was pleased with you.
You were not hungry.

You visited 1 branch of the dungeon, and saw 4 of its levels.

You collected 142 gold pieces.

Inventory:

Hand Weapons
 a - a +0 spear
 f - a +0 club
 j - a +0 whip
 l - a +0 spear
 m - a +0 whip
 p - a +0 short sword
 q - a +0 club
 t - a +0 flail
 E - a +0 war axe (weapon)
Missiles
 e - 79 stones (quivered)
 i - 78 bolts
 r - 18 sling bullets
Armour
 b - a +0 animal skin
 w - a +0 leather armour
 x - a scarf of repulsion (worn)
 y - a +0 ring mail (worn)
Jewellery
 n - a ring of see invisible (left hand)
 C - a ring of resist corrosion (right hand)
Scrolls
 c - a scroll of fear {unknown}
 o - 3 scrolls of immolation {unknown}
 u - 2 scrolls of identify
 v - 2 scrolls of remove curse
 F - a scroll of blinking {unknown}
Potions
 d - a potion of haste {unknown}
 g - 2 potions of lignification {unknown}
 h - a potion of agility {unknown}
 s - 3 potions of curing {unknown}
 A - 2 potions of might {unknown}
 D - a potion of heal wounds {unknown}
Comestibles
 k - 2 fruits
 z - a meat ration
 B - a bread ration


   Skills:
 + Level 3.6 Fighting
 + Level 1.1(2.8) Axes
 + Level 4.1(4.2) Polearms
 + Level 0.4 Throwing
 + Level 3.2 Armour
 + Level 2.8 Dodging
 + Level 0.2 Stealth


You had 4 spell levels left.
You didn't know any spells.

Dungeon Overview and Level Annotations

Branches:
Dungeon (4/15)
 Temple: D:4-7

Altars:
Okawaru
Qazlal


Message History

An iguana comes into view.
The iguana hisses angrily.
Found a lumpy yellow potion.
You see here 6 gold pieces.
The iguana bites you! The iguana bites you! x2
* * * LOW HITPOINT WARNING * * *
You barely miss the iguana. The iguana closely misses you. x2
You slash the iguana!
The iguana is severely wounded.
The iguana barely misses you. The iguana misses you.
You barely miss the iguana.
The iguana is severely wounded.
The iguana bites you!
* * * LOW HITPOINT WARNING * * *
The iguana closely misses you.
You hit the iguana.
The iguana is almost dead.
The iguana bites you!
You die...

.................
#........................
......................!..
.........................
#........................
#........................
#........................
................@$.......
................l........
.........................
#.......................!
.........................
#........................
#..$.................[...
.........................
.........(...............


You could see an iguana.

Vanquished Creatures
  A hound (D:3)
  A bullfrog skeleton (D:4)
  4 adders
  3 worms (D:2)
  3 dart slugs
  8 orcs (D:3)
  8 bats
  3 giant cockroaches (D:1)
  6 hobgoblins
  2 jackals (D:2)
  6 kobolds
  A quokka (D:3)
  A ball python (D:2)
  4 frilled lizards
  A goblin (D:3)
  8 rats
60 creatures vanquished.

Notes
Turn   | Place    | Note
-------+----------+-------------------------------------------
     0 | D:1      | Letaali the Human Berserker began the quest for the Orb.
     0 | D:1      | Reached XP level 1. HP: 18/18 MP: 1/1
   258 | D:1      | Reached XP level 2. HP: 17/24 MP: 2/2
   539 | D:1      | Reached XP level 3. HP: 19/29 MP: 3/3
   967 | D:1      | Reached ** piety under Trog
   996 | D:2      | Found a stormy altar of Qazlal.
  1312 | D:2      | Reached XP level 4. HP: 20/35 MP: 4/4
  1718 | D:2      | Found an iron altar of Okawaru.
  2655 | D:3      | Reached XP level 5. HP: 41/41 MP: 5/5
  2888 | D:3      | Reached skill level 4 in Polearms
  2968 | D:4      | Reached skill level 1 in Axes
  2997 | D:4      | HP: 2/41 [iguana (10)]
  2998 | D:4      | Mangled by an iguana

Skill      XL: |  1  2  3  4  5 |
---------------+----------------+-----
Polearms       | 4 |  4.1
Armour         | 3 |  3.2
Axes           | 1 |  1.1
Fighting       | |  3.6
Throwing       | |  0.4
Dodging        | |  2.8
Stealth        | |  0.2

Action                   |  1- 3 |  4- 6 || total
-------------------------+-------+-------++-------
Melee: Spear             |   133 |    85 ||   218
       War axe           |       |    39 ||    39
Throw: Stone             |    15 |       ||    15
Invok: Berserk           |     3 |     4 ||     7
       Trog's Hand       |       |     3 ||     3
  Use: Scroll            |     1 |       ||     1
  Eat: Bread ration      |     1 |     2 ||     3
       Fruit             |     1 |     1 ||     2
Armor: Animal skin       |    43 |       ||    43
       Leather armour    |     6 |     7 ||    13
       Ring mail         |       |    30 ||    30
Dodge: Dodged            |   132 |    78 ||   210
